General information
- name: BNet
- type: Ladder team game (AT/RT)
- host: Battle.net
- saver: IWILLBSYOU
map: DragonFalls
- players: 8
- length: 44:00
- speed: Fast
- version: 1.26 W3XP
- replay type: Public
» download(273 KB)
Players
team 1 (winner)
IWILLBSYOU (
yellow | 84 APM | 3711 actions | 44:00)
10 Archmage
3 Summon Water Elemental
3 Brilliance Aura
1 Mass Teleport
3 Blizzard
9 Mountain King
3 Storm Bolt
3 Bash
1 Avatar
2 Thunder Clap
» actions
| Assign group hotkey | 48 | |
| Basic commands | 956 | |
| Build / train | 120 | |
| Enter build submenu | 28 | |
| Enter hero's abilities submenu | 19 | |
| Give item / drop item | 1 | |
| Remove unit from queue | 2 | |
| Right click | 973 | |
| Select / deselect | 641 | |
| Select group hotkey | 717 | |
| Use ability | 206 | |
3711 total
» units
| Peasant | 13 | |
| Rifleman | 20 | |
| Gryphon Rider | 13 | |
| Green Dragon | 2 | |
48 total
» upgrades
| Masonry | 3 | |
| Long Rifles | 1 | |
| Gunpowder | 3 | |
| Lumber Harvesting | 1 | |
| Armor | 3 | |
| Storm Hammers | 1 | |
| Plating | 1 | |
| Swords | 3 | |
16 total
» buildings
| Altar of Kings | 1 | |
| Farm | 11 | |
| Lumber Mill | 1 | |
| Barracks | 2 | |
| Arcane Vault | 1 | |
| Scout Tower | 6 | |
| Keep | 1 | |
| Blacksmith | 1 | |
| Guard Tower | 4 | |
| Arcane Tower | 1 | |
| Castle | 2 | |
| Gryphon Aviary | 3 | |
| Town Hall | 3 | |
37 total
» build order
00:23 Altar of Kings
01:15 Farm
01:27 Lumber Mill
01:47 Farm
01:49 Farm
02:33 Barracks
02:37 Barracks
02:52 Arcane Vault
03:37 Scout Tower
03:42 Scout Tower
03:45 Scout Tower
03:52 Keep
03:56 Blacksmith
04:11 Guard Tower
04:13 Arcane Tower
04:15 Guard Tower
04:16 Guard Tower
05:06 Farm
05:08 Farm
05:10 Farm
05:11 Farm
07:42 Scout Tower
07:45 Scout Tower
07:46 Scout Tower
09:25 Guard Tower
13:53 Castle
14:29 Farm
14:31 Farm
14:31 Farm
14:32 Farm
18:33 Gryphon Aviary
18:36 Gryphon Aviary
18:38 Gryphon Aviary
18:45 Town Hall
28:23 Town Hall
36:56 Town Hall
» items
| Dust of Appearance | 1 | |
| Staff of Teleportation | 1 | |
| Scroll of Regeneration | 4 | |
| Potion of Healing | 4 | |
| Orb of Fire | 1 | |
| Scroll of Town Portal | 1 | |
12 total
Cazora (
purple | 53 APM | 2348 actions | 44:00)
9 Mountain King
3 Storm Bolt
3 Bash
1 Avatar
2 Thunder Clap
» actions
| Build / train | 97 | |
| ESC pressed | 8 | |
| Enter build submenu | 59 | |
| Enter hero's abilities submenu | 9 | |
| Give item / drop item | 1 | |
| Right click | 1324 | |
| Select / deselect | 733 | |
| Use ability | 117 | |
2348 total
» units
| Peasant | 9 | |
| Footman | 44 | |
| Rifleman | 1 | |
| Knight | 5 | |
| Priest | 3 | |
62 total
» upgrades
| Swords | 2 | |
| Plating | 2 | |
| Lumber Harvesting | 1 | |
| Animal War Training | 1 | |
| Priest Training | 2 | |
| Masonry | 1 | |
9 total
» buildings
| Altar of Kings | 3 | |
| Barracks | 4 | |
| Farm | 22 | |
| Keep | 3 | |
| Blacksmith | 2 | |
| Arcane Vault | 1 | |
| Lumber Mill | 2 | |
| Castle | 2 | |
| Town Hall | 5 | |
| Arcane Sanctum | 1 | |
| Scout Tower | 15 | |
| Guard Tower | 11 | |
71 total
» build order
00:20 Altar of Kings
00:37 Barracks
00:52 Farm
01:15 Farm
01:53 Farm
02:12 Farm
03:15 Farm
03:17 Keep
03:56 Blacksmith
04:41 Arcane Vault
04:58 Lumber Mill
05:50 Castle
06:48 Town Hall
06:54 Arcane Sanctum
07:02 Barracks
09:32 Farm
10:06 Farm
11:02 Town Hall
11:09 Farm
11:58 Farm
11:59 Farm
13:45 Scout Tower
13:46 Scout Tower
14:20 Guard Tower
14:24 Scout Tower
14:45 Scout Tower
14:48 Scout Tower
15:06 Guard Tower
15:23 Guard Tower
18:14 Town Hall
20:53 Farm
20:54 Farm
20:57 Barracks
21:17 Farm
21:41 Keep
22:25 Scout Tower
22:28 Scout Tower
23:05 Lumber Mill
23:19 Scout Tower
23:20 Scout Tower
24:18 Farm
24:23 Guard Tower
25:10 Scout Tower
25:17 Farm
25:47 Guard Tower
25:49 Scout Tower
26:25 Guard Tower
26:28 Farm
26:29 Farm
26:40 Scout Tower
28:55 Guard Tower
28:57 Scout Tower
29:29 Guard Tower
29:59 Farm
30:03 Scout Tower
31:20 Guard Tower
31:21 Guard Tower
31:22 Scout Tower
32:31 Farm
32:32 Farm
32:33 Altar of Kings
32:35 Blacksmith
34:38 Guard Tower
34:40 Barracks
34:41 Farm
37:21 Keep
37:26 Farm
39:42 Town Hall
39:46 Town Hall
39:57 Altar of Kings
42:14 Castle

»
Luiszz (
teal | 48 APM | 2111 actions | 44:00)
5 Paladin
2 Holy Light
3 Divine Shield
» actions
| Build / train | 63 | |
| ESC pressed | 3 | |
| Enter build submenu | 44 | |
| Enter hero's abilities submenu | 5 | |
| Right click | 1305 | |
| Select / deselect | 623 | |
| Use ability | 68 | |
2111 total
» units
| Peasant | 12 | |
| Footman | 3 | |
| Flying Machine | 15 | |
| Mortar Team | 9 | |
39 total
» upgrades
| Masonry | 2 | |
| Lumber Harvesting | 1 | |
| Gunpowder | 1 | |
| Plating | 1 | |
| Armor | 1 | |
6 total
» buildings
| Altar of Kings | 1 | |
| Barracks | 1 | |
| Farm | 12 | |
| Lumber Mill | 2 | |
| Arcane Vault | 1 | |
| Scout Tower | 11 | |
| Town Hall | 4 | |
| Keep | 2 | |
| Guard Tower | 8 | |
| Blacksmith | 1 | |
| Arcane Tower | 1 | |
| Workshop | 2 | |
| Arcane Sanctum | 1 | |
47 total
» build order
00:14 Altar of Kings
00:23 Barracks
00:34 Farm
01:05 Lumber Mill
01:11 Farm
01:59 Farm
02:34 Arcane Vault
03:50 Scout Tower
05:10 Town Hall
05:57 Farm
06:03 Keep
06:06 Scout Tower
06:34 Scout Tower
06:46 Scout Tower
06:49 Guard Tower
06:49 Guard Tower
07:10 Blacksmith
07:13 Guard Tower
07:24 Guard Tower
08:06 Scout Tower
08:12 Farm
08:23 Arcane Tower
08:26 Scout Tower
08:33 Workshop
08:50 Scout Tower
09:42 Workshop
10:00 Arcane Sanctum
10:04 Guard Tower
11:11 Guard Tower
11:11 Guard Tower
11:12 Guard Tower
13:44 Town Hall
14:31 Farm
15:15 Scout Tower
16:02 Farm
16:37 Keep
18:42 Scout Tower
18:44 Scout Tower
19:16 Lumber Mill
20:40 Town Hall
23:54 Farm
24:31 Farm
26:17 Farm
26:51 Farm
27:39 Scout Tower
27:42 Farm
31:54 Town Hall
» items

»
ERNIENBERT (
blue | 26 APM | 1158 actions | 44:00)
8 Death Knight
3 Death Coil
3 Unholy Aura
1 Animate Dead
1 Death Pact
7 Lich
3 Frost Nova
3 Dark Ritual
1 Death and Decay
» actions
| Assign group hotkey | 264 | |
| Basic commands | 189 | |
| Build / train | 47 | |
| ESC pressed | 16 | |
| Enter build submenu | 18 | |
| Enter hero's abilities submenu | 15 | |
| Give item / drop item | 2 | |
| Right click | 258 | |
| Select / deselect | 180 | |
| Select group hotkey | 97 | |
| Use ability | 72 | |
1158 total
» units
| Acolyte | 7 | |
| Ghoul | 4 | |
| Crypt Fiend | 7 | |
| Furbolg Shaman | 1 | |
19 total
» upgrades
» buildings
| Altar of Darkness | 1 | |
| Ziggurat | 7 | |
| Crypt | 1 | |
| Graveyard | 1 | |
| Nerubian Tower | 1 | |
| Tomb of Relics | 2 | |
| Halls of the Dead | 1 | |
| Spirit Tower | 2 | |
| Black Citadel | 1 | |
| Sacrificial Pit | 1 | |
| Necropolis | 1 | |
19 total
» build order
00:11 Altar of Darkness
00:13 Ziggurat
00:39 Crypt
01:12 Graveyard
01:48 Nerubian Tower
01:50 Ziggurat
03:03 Tomb of Relics
03:06 Tomb of Relics
04:42 Halls of the Dead
05:13 Ziggurat
06:19 Spirit Tower
07:32 Ziggurat
08:43 Ziggurat
08:50 Ziggurat
09:12 Black Citadel
09:56 Spirit Tower
09:57 Ziggurat
10:21 Sacrificial Pit
14:05 Necropolis
» items
| Scroll of Healing | 2 | |
| Scroll of Town Portal | 1 | |
| Circlet of Nobility | 1 | |
4 total
team 2 (loser)

»
HOPE-WIN (
orange | 41 APM | 1733 actions | 42:20)
6 Archmage
3 Summon Water Elemental
2 Brilliance Aura
1 Mass Teleport
5 Paladin
2 Divine Shield
3 Holy Light
» actions
| Basic commands | 41 | |
| Build / train | 174 | |
| Enter build submenu | 84 | |
| Enter hero's abilities submenu | 10 | |
| Give item / drop item | 2 | |
| Remove unit from queue | 3 | |
| Right click | 485 | |
| Select / deselect | 730 | |
| Use ability | 204 | |
1733 total
» units
| Peasant | 47 | |
| Rifleman | 4 | |
| Flying Machine | 16 | |
| Siege Engine | 25 | |
| Priest | 6 | |
| Knight | 3 | |
101 total
» upgrades
| Masonry | 3 | |
| Flying Machine Bombs | 1 | |
| Lumber Harvesting | 2 | |
| Flak Cannons | 1 | |
| Gunpowder | 2 | |
| Plating | 2 | |
| Barrage | 1 | |
| Swords | 1 | |
13 total
» buildings
| Farm | 23 | |
| Altar of Kings | 3 | |
| Lumber Mill | 2 | |
| Blacksmith | 2 | |
| Barracks | 3 | |
| Scout Tower | 32 | |
| Guard Tower | 29 | |
| Town Hall | 4 | |
| Keep | 2 | |
| Arcane Vault | 2 | |
| Castle | 2 | |
| Workshop | 5 | |
| Cannon Tower | 2 | |
| Arcane Sanctum | 1 | |
112 total
» build order
00:14 Farm
00:18 Altar of Kings
00:38 Lumber Mill
00:52 Farm
01:26 Blacksmith
01:59 Barracks
02:41 Scout Tower
03:13 Guard Tower
03:16 Farm
03:57 Farm
04:40 Town Hall
04:53 Scout Tower
04:54 Keep
04:57 Scout Tower
05:12 Arcane Vault
05:25 Arcane Vault
05:26 Guard Tower
05:33 Guard Tower
07:18 Castle
07:23 Scout Tower
07:59 Guard Tower
08:05 Workshop
08:07 Workshop
09:14 Workshop
09:18 Farm
10:01 Farm
10:51 Farm
11:29 Farm
12:08 Farm
13:32 Farm
14:26 Scout Tower
14:58 Guard Tower
15:00 Scout Tower
15:13 Town Hall
15:16 Scout Tower
15:47 Guard Tower
15:49 Scout Tower
15:53 Guard Tower
15:56 Scout Tower
16:27 Guard Tower
16:29 Scout Tower
16:38 Scout Tower
16:39 Guard Tower
16:58 Guard Tower
17:00 Scout Tower
17:11 Scout Tower
17:21 Guard Tower
17:58 Scout Tower
17:59 Guard Tower
18:17 Guard Tower
18:22 Scout Tower
19:13 Guard Tower
19:16 Scout Tower
19:21 Guard Tower
19:22 Guard Tower
19:25 Scout Tower
21:19 Cannon Tower
21:21 Scout Tower
21:24 Cannon Tower
21:27 Scout Tower
22:10 Guard Tower
22:12 Scout Tower
22:15 Guard Tower
22:18 Scout Tower
22:31 Farm
22:42 Guard Tower
22:46 Scout Tower
22:54 Guard Tower
22:58 Scout Tower
23:04 Town Hall
23:12 Scout Tower
23:15 Guard Tower
23:18 Scout Tower
23:38 Guard Tower
23:41 Scout Tower
23:42 Guard Tower
23:45 Scout Tower
23:49 Guard Tower
23:52 Scout Tower
24:09 Keep
24:13 Scout Tower
24:14 Guard Tower
27:16 Guard Tower
27:24 Town Hall
27:29 Scout Tower
28:07 Guard Tower
28:09 Scout Tower
28:11 Guard Tower
28:58 Guard Tower
29:01 Workshop
29:05 Arcane Sanctum
30:04 Altar of Kings
30:09 Farm
30:44 Farm
30:49 Farm
31:13 Farm
31:32 Farm
31:44 Lumber Mill
32:41 Castle
32:50 Scout Tower
36:36 Altar of Kings
37:03 Blacksmith
37:33 Barracks
37:39 Barracks
37:42 Farm
37:53 Farm
38:30 Workshop
38:36 Farm
38:39 Farm
39:16 Farm
39:21 Farm
40:45 Farm
» items
| Potion of Healing | 6 | |
| Healing Salve | 2 | |
| Potion of Lesser Invulnerability | 1 | |
| Orb of Fire | 1 | |
| Scroll of Regeneration | 1 | |
| Potion of Mana | 1 | |
12 total
PurityRing (
green | 37 APM | 1600 actions | 43:19)
1 Blademaster
1 Wind Walk
» actions
| Assign group hotkey | 17 | |
| Basic commands | 9 | |
| Build / train | 35 | |
| ESC pressed | 4 | |
| Enter build submenu | 17 | |
| Enter hero's abilities submenu | 1 | |
| Give item / drop item | 1 | |
| Remove unit from queue | 1 | |
| Right click | 789 | |
| Select / deselect | 127 | |
| Select group hotkey | 539 | |
| Use ability | 60 | |
1600 total
» units
» upgrades
| Ranged Weapons | 3 | |
| Liquid Fire | 1 | |
| Reinforced Defenses | 1 | |
| Spiked Barricades | 1 | |
6 total
» buildings
| Altar of Storms | 1 | |
| Orc Burrow | 4 | |
| Voodoo Lounge | 1 | |
| War Mill | 1 | |
| Stronghold | 1 | |
| Watch Tower | 4 | |
| Fortress | 1 | |
| Beastiary | 3 | |
16 total
» build order
00:28 Altar of Storms
00:32 Orc Burrow
00:50 Voodoo Lounge
02:47 War Mill
03:46 Stronghold
03:49 Orc Burrow
05:21 Orc Burrow
05:25 Watch Tower
05:28 Watch Tower
05:35 Orc Burrow
06:06 Watch Tower
06:09 Fortress
06:13 Beastiary
06:16 Beastiary
06:19 Beastiary
10:04 Watch Tower
» items
| Healing Salve | 1 | |
| Lesser Clarity Potion | 3 | |
| Scroll of Speed | 1 | |
5 total
Shiny_Hero (
pink | 25 APM | 1106 actions | 44:00)
3 Shadow Hunter
2 Healing Wave
1 Hex
3 Firelord
2 Soul Burn
1 Summon Lava Spawn
1 Tauren Chieftain
1 Endurance Aura
» actions
| Basic commands | 96 | |
| Build / train | 69 | |
| Enter build submenu | 25 | |
| Enter hero's abilities submenu | 7 | |
| Right click | 453 | |
| Select / deselect | 399 | |
| Use ability | 57 | |
1106 total
» units
| Peon | 18 | |
| Grunt | 8 | |
| Furbolg Shaman | 1 | |
| Shaman | 7 | |
| Tauren | 8 | |
| Troll Headhunter/Berserker | 3 | |
45 total
» upgrades
| Armor | 3 | |
| Melee Weapons | 1 | |
| Shaman Training | 2 | |
| Pulverize | 1 | |
| Berserker Strength | 1 | |
| Reinforced Defenses | 1 | |
| Berserker Upgrade | 1 | |
| Spiked Barricades | 1 | |
11 total
» buildings
| Altar of Storms | 1 | |
| Orc Burrow | 6 | |
| War Mill | 1 | |
| Stronghold | 1 | |
| Barracks | 1 | |
| Voodoo Lounge | 1 | |
| Fortress | 1 | |
| Spirit Lodge | 1 | |
| Tauren Totem | 2 | |
| Great Hall | 2 | |
| Watch Tower | 5 | |
22 total
» build order
00:14 Altar of Storms
00:19 Orc Burrow
01:27 War Mill
02:21 Stronghold
02:34 Barracks
03:04 Orc Burrow
03:23 Voodoo Lounge
04:45 Orc Burrow
04:46 Fortress
05:11 Spirit Lodge
07:17 Tauren Totem
08:18 Tauren Totem
09:59 Orc Burrow
10:03 Orc Burrow
10:10 Great Hall
10:54 Orc Burrow
15:32 Watch Tower
15:36 Watch Tower
15:38 Watch Tower
18:22 Watch Tower
19:34 Watch Tower
23:17 Great Hall
» items
BRRJ_Leths (
red | 33 APM | 1438 actions | 43:22)
6 Priestess of the Moon
2 Searing Arrows
3 Trueshot Aura
1 Starfall
1 Dark Ranger
1 Black Arrow
» actions
| Assign group hotkey | 41 | |
| Build / train | 138 | |
| ESC pressed | 2 | |
| Enter build submenu | 41 | |
| Enter hero's abilities submenu | 7 | |
| Give item / drop item | 3 | |
| Remove unit from queue | 8 | |
| Right click | 461 | |
| Select / deselect | 491 | |
| Select group hotkey | 125 | |
| Use ability | 121 | |
1438 total
» units
| Wisp | 61 | |
| Huntress | 7 | |
| Goblin Shredder | 1 | |
| Chimaera | 14 | |
| Hippogryph | 20 | |
| Druid of the Claw | 3 | |
106 total
» upgrades
| Strength of the Wild | 2 | |
| Corrosive Breath | 1 | |
| Reinforced Hides | 2 | |
| Druid of the Claw Training | 2 | |
| Mark of the Claw | 1 | |
8 total
» buildings
| Altar of Elders | 2 | |
| Moon Well | 14 | |
| Hunter's Hall | 2 | |
| Ancient of War | 1 | |
| Tree of Ages | 2 | |
| Tree of Eternity | 2 | |
| Tree of Life | 6 | |
| Ancient of Wind | 7 | |
| Ancient of Wonders | 2 | |
| Ancient Protector | 4 | |
| Chimaera Roost | 3 | |
| Ancient of Lore | 5 | |
50 total
» build order
00:23 Altar of Elders
00:35 Moon Well
01:38 Hunter's Hall
01:51 Moon Well
02:24 Ancient of War
03:03 Tree of Ages
03:41 Moon Well
04:51 Moon Well
05:41 Tree of Eternity
06:32 Tree of Life
08:18 Ancient of Wind
08:59 Ancient of Wonders
09:03 Ancient Protector
09:06 Ancient Protector
09:10 Ancient Protector
09:21 Moon Well
09:22 Moon Well
10:08 Chimaera Roost
10:10 Chimaera Roost
10:15 Chimaera Roost
11:29 Moon Well
13:35 Ancient of Wind
13:43 Ancient of Wind
20:16 Tree of Life
20:26 Tree of Life
20:35 Tree of Life
20:50 Tree of Life
24:36 Altar of Elders
24:45 Hunter's Hall
24:52 Tree of Ages
25:49 Ancient Protector
26:14 Moon Well
27:15 Ancient of Lore
27:23 Ancient of Lore
27:24 Ancient of Lore
27:37 Tree of Eternity
27:44 Ancient of Lore
28:00 Moon Well
28:01 Moon Well
28:05 Moon Well
28:06 Moon Well
28:13 Moon Well
28:14 Moon Well
28:23 Tree of Life
29:20 Ancient of Wonders
29:57 Ancient of Lore
30:36 Ancient of Wind
30:37 Ancient of Wind
30:38 Ancient of Wind
30:39 Ancient of Wind
» items
| Boots of Speed | 1 | |
| Periapt of Vitality | 1 | |
| Dust of Appearance | 1 | |
3 total
Chat log
(00:07 / All) PurityRing: LET US PRAY
(00:10 / Allies) IWILLBSYOU: just feed me blue
(00:23 / All) Shiny_Hero: please be real
(00:36 / Allies) Luiszz: plan?
(00:42 / Allies) Cazora: rush?
(00:45 / Allies) Luiszz: rush or cc?
(00:51 / Allies) IWILLBSYOU: weren't you just on my team blue?
(00:54 / Allies) ERNIENBERT: whichever
(03:17 / All) IWILLBSYOU: oh hi
(03:34 / Allies) ERNIENBERT: sure
(06:21 / Allies) Luiszz: make towers plz
(06:33 / Allies) IWILLBSYOU: I already have towers
(06:34 / Allies) IWILLBSYOU: made
(07:02 / Allies) Luiszz: units?
(07:10 / Allies) IWILLBSYOU: rifles/gryphs
(07:10 / Allies) Cazora: knights/ priests
(07:26 / Allies) Luiszz: k
(07:31 / Allies) Luiszz: i make helicopters
(07:32 / Allies) Luiszz: aa
(08:25 / Allies) IWILLBSYOU: wtf teal
(08:29 / Allies) IWILLBSYOU: you only have two fucking footmen
(08:39 / Allies) IWILLBSYOU: you're like beyond n00b
(09:30 / Allies) Luiszz: lumber?
(09:32 / Allies) Luiszz: plz
(09:47 / Allies) Luiszz: tx
(10:34 / Allies) Cazora: rifless/ helio
(10:54 / Allies) IWILLBSYOU: WOW
(10:56 / Allies) IWILLBSYOU: you're so fucking bad
(11:03 / Allies) ERNIENBERT: yeah that was retarded
(11:03 / Allies) IWILLBSYOU: your bear even had mana
(11:04 / Allies) IWILLBSYOU: to heal you
(11:10 / Allies) IWILLBSYOU: WOW
(11:16 / Allies) IWILLBSYOU: THEN YOU TAKE THE INTELLIGENCE TOMB WITH YOUR DK
(11:22 / Allies) IWILLBSYOU: fucking amazing
(11:31 / Allies) IWILLBSYOU: our lich and am heroes are intelligence
(11:35 / Allies) IWILLBSYOU: dk is strength you fucking idiot
(12:16 / Allies) ERNIENBERT: you know you're too invested in a game when...
(12:17 / Allies) IWILLBSYOU: GO THERE BLUE
(12:18 / Allies) IWILLBSYOU: WOW
(12:26 / Allies) IWILLBSYOU: it's such a simple game
(12:33 / Allies) IWILLBSYOU: you make it seem so fucknig difficult and it's nto
(13:30 / Allies) IWILLBSYOU: lol wow
(13:34 / Allies) IWILLBSYOU: go hit
(13:36 / Allies) IWILLBSYOU: before we lose
(15:12 / Allies) IWILLBSYOU: watch your hero blue
(15:16 / Allies) IWILLBSYOU: it's about to die to a fucking burrow
(15:24 / Allies) IWILLBSYOU: holy ufuck
(15:43 / Allies) IWILLBSYOU: are yiou even playing the game blue lol, it's like you're off in netherland
(15:56 / Allies) ERNIENBERT: lol
(16:00 / Allies) IWILLBSYOU: go
(16:02 / Allies) ERNIENBERT: close
(19:50 / Allies) IWILLBSYOU: tp to teal pelase
(20:27 / Allies) Cazora: REPAIR
(21:48 / All) Shiny_Hero: target hero more
(21:50 / All) Shiny_Hero: fags
(22:11 / All) Cazora: target main more fags
(22:29 / Allies) Luiszz: ?
(22:50 / All) BRRJ_Leths: :(
(26:14 / All) Shiny_Hero: well gg...
(27:12 / Allies) Luiszz: kill
(27:58 / Allies) Luiszz: help
(28:01 / Allies) ERNIENBERT: yep
(30:11 / Allies) Luiszz: b
(30:31 / Allies) Cazora: ill finsih this
(31:39 / All) Luiszz: its gg
(32:00 / All) Shiny_Hero: not if you lag out
(32:10 / Allies) Cazora: jesus
(33:30 / Allies) IWILLBSYOU: come here blue
(33:56 / Allies) Luiszz: bye
(34:16 / All) IWILLBSYOU: i feel sorry for you red
(34:21 / All) IWILLBSYOU: i honestly do
(35:41 / All) IWILLBSYOU: aww
(35:42 / All) IWILLBSYOU: too bad
(36:26 / All) IWILLBSYOU: lol
(37:04 / All) ERNIENBERT: I love you guys but sometimes I just feel like this isn't going anywhere
(37:28 / All) ERNIENBERT: It's just same old same old
(37:31 / All) ERNIENBERT: the whole time
(37:51 / All) ERNIENBERT: and it's getting me down, it really is
(38:30 / All) Cazora: i love how no one has quit yet
(38:37 / All) ERNIENBERT: yeah what's up with that?
(38:40 / All) Cazora: got to be a record
(38:46 / All) ERNIENBERT: naw
(38:57 / All) IWILLBSYOU: rofl
(39:04 / All) Cazora: not the longest game but the longest full game
(39:17 / All) IWILLBSYOU: love how he chose to make bears
(39:19 / All) ERNIENBERT: not even close
(39:19 / All) IWILLBSYOU: like 50 bears
(39:25 / All) IWILLBSYOU: and they all died in like 15 seconds
(39:37 / All) PurityRing: OJ GET MORE TANKS
(39:58 / All) ERNIENBERT: purple you should play a ffa
(40:01 / All) ERNIENBERT: some time
(40:04 / All) Shiny_Hero: and target hero
(40:51 / All) PurityRing: MORE TANKS OJ
(40:58 / All) PurityRing: THEY GOOD VS MELEE
(42:25 / All) IWILLBSYOU: lol
(43:58 / Allies) IWILLBSYOU: gg